Canucks vs Wranglers

Created - March 19, 2025 at 20:07

Goals
1 2 3 T
Canucks 1 3 1 5
Wranglers 1 3 2 6
Shots
1 2 3 T
Canucks 7 14 15 36
Wranglers 16 11 7 34

1st period

1. Canucks , Nicolas Petan 35 (Curtis Lazar 50) at 0:06
2. Wranglers , Phillip Danault 9 (Erik Brannstrom 47, Chandler Stephenson 21) at 16:25 (PP)

Penalties :
William Lockwood (Abb) for Cross-checking (Minor) at 14:49

2nd period

3. Wranglers , Chandler Stephenson 16 (Frank Corrado 25) at 0:12
4. Wranglers , Kaapo Kakko 2 (Erik Brannstrom 48, Ryan Donato 12) at 3:33
5. Canucks , Juho Lammikko 23 (Trevor Moore 12) at 4:08
6. Canucks , Will Borgen 2 (Axel Holmstrom 26, Juho Lammikko 31) at 4:53
7. Canucks , Nicolas Petan 36 (Curtis Lazar 51) at 5:08
8. Wranglers , Tanner Jeannot 12 (Ryan Donato 13, Petteri Lindbohm 4) at 16:05

Penalties :
No Penalty

3rd period

9. Canucks , Guillaume Brisebois 2 (Tobias Lindberg 6, Lane Pederson 18) at 3:45
10. Wranglers , Peter Cehlarik 44 (Nico Sturm 47) at 3:51
11. Wranglers , Nico Sturm 33 (Peter Cehlarik 51) at 4:52 (PP)

Penalties :
Nicolas Petan (Abb) for Interference (Minor) at 4:02, Erik Brannstrom (Cal) for Slashing (Minor) at 4:58, Christian Jaros (Cal) for Delaying the game (Minor) at 11:16

Goalie Stats

Thatcher Demko (Abb), 28 saves from 34 shots - (0.824), L, 32-13-4, 59:02 minutes
Vitek Vanecek (Cal), 31 saves from 36 shots - (0.861), W, 25-16-3, 60:00 minutes

Players Stats for Canucks

Player Name              G  A  P  +/- PIM S  H  SB GA TA FO     MP     PP MP  PK MP  
------------------------------------------------------------------------------------
Aku Raty                 0  0  0   0  0   0  0  0  0  0  0/0     0:00   0:00   0:00 
Aleksi Heponiemi         0  0  0  -1  0   1  4  0  0  0  1/4    12:21   0:00   0:00 
Axel Holmstrom           0  1  1   2  0   3  0  0  1  1  10/15  16:49   1:38   0:23 
Brandon Saigeon          0  0  0   0  0   0  0  0  0  0  0/0     0:00   0:00   0:00 
C.J. Smith               0  0  0   0  0   2  3  0  2  0  0/0     8:02   0:00   0:00 
Charles Hudon            0  0  0   0  0   0  0  0  0  0  0/0     0:07   0:00   0:07 
Curtis Lazar             0  2  2   0  0   6  0  0  1  0  2/2    22:38   2:20   1:53 
Daniil Miromanov         0  0  0   2  0   1  1  2  0  0  0/0    23:24   2:38   1:25 
Guillaume Brisebois      1  0  1   1  0   1  1  0  0  2  0/0    20:40   1:20   1:01 
Jack Rathbone            0  0  0   0  0   1  1  1  0  0  0/0    12:31   0:00   0:00 
Jay O'Brien              0  0  0   0  0   0  0  0  0  0  0/2     0:34   0:00   0:34 
Juho Lammikko            1  1  2   2  0   4  4  1  2  0  0/0    16:52   1:38   0:26 
Lane Pederson            0  1  1   0  0   0  0  1  0  0  1/3     8:02   0:00   0:00 
Mackenzie MacEachern     0  0  0  -1  0   3  1  1  1  0  0/0    12:21   0:00   0:00 
Michael Kesselring       0  0  0  -2  0   0  0  0  0  0  0/0     3:25   0:00   0:00 
Nicolas Petan            2  0  2   0  2   4  2  0  2  1  19/37  21:47   2:20   1:03 
Rasmus Asplund           0  0  0   0  0   0  0  0  0  0  0/0     0:00   0:00   0:00 
Ryan Lomberg             0  0  0   0  0   3  0  0  2  1  0/0    21:11   2:20   0:26 
Simon Bourque            0  0  0   0  0   0  0  0  0  0  0/0    12:31   0:00   0:00 
Tobias Lindberg          0  1  1   0  0   0  1  0  0  0  0/0     8:02   0:00   0:00 
Trevor Moore             0  1  1   2  0   4  1  0  1  0  2/2    16:26   1:38   0:00 
Will Borgen              1  0  1   1  0   1  2  2  0  0  0/0    20:40   1:20   1:01 
William Lagesson         0  0  0   0  0   2  2  0  0  0  0/0    26:49   2:38   1:25 
William Lockwood         0  0  0  -1  2   0  0  0  1  0  0/0    12:20   0:00   0:00 

Players Stats for Wranglers

Player Name              G  A  P  +/- PIM S  H  SB GA TA FO     MP     PP MP  PK MP  
------------------------------------------------------------------------------------
Barclay Goodrow          0  0  0  -1  0   1  2  0  0  3  0/3    22:52   1:13   2:25 
Brandon Hickey           0  0  0  -3  0   0  1  0  0  1  0/0    18:57   0:46   1:56 
Chandler Stephenson      1  1  2  -1  0   3  0  0  0  0  4/15   16:17   1:13   0:47 
Christian Jaros          0  0  0   1  2   1  2  1  0  0  0/0    15:21   0:00   0:48 
Dominik Masin            0  0  0  -3  0   1  0  0  0  0  0/0    17:58   0:46   0:58 
Erik Brannstrom          0  2  2   1  2   4  1  2  0  6  0/0    26:21   1:40   1:20 
Frank Corrado            0  1  1   1  0   1  1  3  0  0  0/0    27:24   1:40   2:54 
Kaapo Kakko              1  0  1   2  0   1  0  0  0  0  0/0    11:47   0:00   0:00 
Nico Sturm               1  1  2  -1  0   4  1  0  0  0  18/30  20:57   1:13   0:30 
Peter Cehlarik           1  1  2  -1  0   3  0  0  3  1  1/6    22:52   1:13   2:25 
Petteri Lindbohm         0  1  1   1  0   1  1  3  0  0  0/0    14:31   0:00   0:00 
Phillip Danault          1  0  1  -1  0   3  1  0  0  1  0/1    16:38   1:13   1:27 
Ryan Donato              0  2  2   2  0   3  1  0  0  1  5/7    12:00   0:00   0:00 
Tanner Jeannot           1  0  1   2  0   3  2  0  2  0  0/1    11:47   0:00   0:00 
Taylor Raddysh           0  0  0  -1  0   2  2  2  0  0  1/1    15:09   1:13   0:00 
Trevor Carrick           0  0  0  -1  0   0  0  0  0  0  0/0     8:05   0:00   0:00 
Vitali Kravtsov          0  0  0  -1  0   1  0  0  0  0  0/0     8:59   0:00   0:22 
Vladislav Kamenev        0  0  0  -1  0   2  1  0  0  0  1/1     8:05   0:00   0:00 

3 Stars

1 - Juho Lammikko (Abb)
2 - Tanner Jeannot (Cal)
3 - Nicolas Petan (Abb)

Power Play

Canucks - 0 on 2 Attempt(s) - 0.00%
Wranglers - 2 on 2 Attempt(s) - 100.00%

Penalty Kill

Canucks - 0 on 2 Attempt(s) - 0.00% - Score 0 goal in Penalty Kill
Wranglers - 2 on 2 Attempt(s) - 100.00% - Score 0 goal in Penalty Kill

Team Stat

Canucks - Hits : 23 - Faceoff Wins : 35 - Blocked Shots : 8 - Penalty Minutes : 4
Wranglers - Hits : 16 - Faceoff Wins : 30 - Blocked Shots : 11 - Penalty Minutes : 4

Official

Referees : Chris Lee and Brandon Blandina
Linesman : Greg Devorski and Andrew Smith

Game Notes

16:05 of 2nd period - Wranglers goal is going for a video replay. After video review, Goal.
14:38 of 3rd period - Canucks goal is going for a video replay. After video review, No Goal. The goalkeeper has been pushed into the net together with the puck after making a save.

Finance

Level 1 -- Attendance: 1941 (97.05%) -- Ticket Income $135,870
Level 2 -- Attendance: 938 (93.80%) -- Ticket Income $37,520
Total Attendance: 2879 (95.97%)
Total Ticket Income: $173,390
Other Income: $8,670
Total Income: $182,060

Canucks

5 vs 5 Forward 
   Center                   Left Wing                Right Wing               Time % Phy DF OF 
 1 Nicolas Petan            Ryan Lomberg             Curtis Lazar             40     1   2  2  
 2 Axel Holmstrom           Trevor Moore             Juho Lammikko            30     1   2  2  
 3 Aleksi Heponiemi         Mackenzie MacEachern     William Lockwood         20     1   2  2  
 4 Lane Pederson            C.J. Smith               Tobias Lindberg          10     1   2  2  

5 vs 5 Defense 
   Defense                  Defense                                           Time % Phy DF OF 
 1 William Lagesson         Daniil Miromanov                                  40     1   2  2  
 2 Guillaume Brisebois      Will Borgen                                       30     1   2  2  
 3 Jack Rathbone            Simon Bourque                                     20     1   2  2  
 4 Michael Kesselring       William Lagesson                                  10     1   2  2  

PowerPlay Forward 
   Center                   Left Wing                Right Wing               Time % Phy DF OF 
 1 Nicolas Petan            Ryan Lomberg             Curtis Lazar             60     1   2  2  
 2 Axel Holmstrom           Trevor Moore             Juho Lammikko            40     1   2  2  

PowerPlay Defense
   Defense                  Defense                                           Time % Phy DF OF 
 1 William Lagesson         Daniil Miromanov                                  60     1   2  2  
 2 Guillaume Brisebois      Will Borgen                                       40     1   2  2  

Penalty Kill 4 Players Forward 
   Center                   Wing                     Time % Phy DF OF 
 1 Nicolas Petan            Curtis Lazar             60     1   2  2  
 2 Ryan Lomberg             Juho Lammikko            40     1   2  2  

Penalty Kill 4 Players Defense
   Defense                  Defense                  Time % Phy DF OF 
 1 William Lagesson         Daniil Miromanov         60     1   2  2  
 2 Guillaume Brisebois      Will Borgen              40     1   2  2  

Penalty Kill - 3 Players Forward 
   Forward                                           Time % Phy DF OF 
 1 Nicolas Petan                                     60     1   2  2  
 2 Curtis Lazar                                      40     1   2  2  

Penalty Kill - 3 Players Defense
   Defense                  Defense                  Time % Phy DF OF 
 1 William Lagesson         Daniil Miromanov         60     1   2  2  
 2 Guillaume Brisebois      Will Borgen              40     1   2  2  

4 vs 4 Forward 
   Center                   Wing                     Time % Phy DF OF 
 1 Nicolas Petan            Curtis Lazar             60     1   2  2  
 2 Ryan Lomberg             Juho Lammikko            40     1   2  2  

4 vs 4 Defense
   Defense                  Defense                  Time % Phy DF OF 
 1 William Lagesson         Daniil Miromanov         60     1   2  2  
 2 Guillaume Brisebois      Will Borgen              40     1   2  2  

Last Minutes Offensive
   Center                   Left Wing                Right Wing               Defense                  Defense                  
   Nicolas Petan            Ryan Lomberg             Curtis Lazar             William Lagesson         Daniil Miromanov         

Last Minutes Defensive
   Center                   Left Wing                Right Wing               Defense                  Defense                  
   Nicolas Petan            Ryan Lomberg             Curtis Lazar             William Lagesson         Daniil Miromanov         

Goaltenders
Starting : Thatcher Demko           
Backup : Casey DeSmith            

Extra Forwards
Normal : Charles Hudon, Rasmus Asplund, Jay O'Brien - PP : Charles Hudon, Rasmus Asplund - PK : Jay O'Brien
Extra Defensemen
Normal : Jack Rathbone, Simon Bourque, Michael Kesselring - PP : Jack Rathbone - PK : Simon Bourque, Michael Kesselring
Penalty Shots
Nicolas Petan, Curtis Lazar, Ryan Lomberg, Juho Lammikko, Trevor Moore
Custom OT Lines Forwards
Nicolas Petan, Curtis Lazar, Ryan Lomberg, Juho Lammikko, Trevor Moore, Axel Holmstrom, Mackenzie MacEachern, C.J. Smith, Charles Hudon, William Lockwood
Custom OT Lines Defensemen
William Lagesson, Daniil Miromanov, Guillaume Brisebois, Will Borgen, Jack Rathbone

Scratches
Dan Renouf (Healthy), Jake Paterson (Healthy), Marek Langhamer (Healthy)

Wranglers

5 vs 5 Forward 
   Center                   Left Wing                Right Wing               Time % Phy DF OF 
 1 Nico Sturm               Peter Cehlarik           Barclay Goodrow          40     1   2  2  
 2 Chandler Stephenson      Phillip Danault          Taylor Raddysh           30     1   2  2  
 3 Ryan Donato              Tanner Jeannot           Kaapo Kakko              20     1   2  2  
 4 Vladislav Kamenev        Vitali Kravtsov          Trevor Carrick           10     1   2  2  

5 vs 5 Defense 
   Defense                  Defense                                           Time % Phy DF OF 
 1 Erik Brannstrom          Frank Corrado                                     40     1   2  2  
 2 Dominik Masin            Brandon Hickey                                    30     1   2  2  
 3 Petteri Lindbohm         Christian Jaros                                   20     1   2  2  
 4 Erik Brannstrom          Frank Corrado                                     10     1   2  2  

PowerPlay Forward 
   Center                   Left Wing                Right Wing               Time % Phy DF OF 
 1 Nico Sturm               Peter Cehlarik           Barclay Goodrow          60     1   2  2  
 2 Chandler Stephenson      Phillip Danault          Taylor Raddysh           40     1   2  2  

PowerPlay Defense
   Defense                  Defense                                           Time % Phy DF OF 
 1 Erik Brannstrom          Frank Corrado                                     60     1   2  2  
 2 Dominik Masin            Brandon Hickey                                    40     1   2  2  

Penalty Kill 4 Players Forward 
   Center                   Wing                     Time % Phy DF OF 
 1 Peter Cehlarik           Barclay Goodrow          60     1   2  2  
 2 Nico Sturm               Phillip Danault          40     1   2  2  

Penalty Kill 4 Players Defense
   Defense                  Defense                  Time % Phy DF OF 
 1 Erik Brannstrom          Frank Corrado            60     1   2  2  
 2 Dominik Masin            Brandon Hickey           40     1   2  2  

Penalty Kill - 3 Players Forward 
   Forward                                           Time % Phy DF OF 
 1 Peter Cehlarik                                    60     1   2  2  
 2 Barclay Goodrow                                   40     1   2  2  

Penalty Kill - 3 Players Defense
   Defense                  Defense                  Time % Phy DF OF 
 1 Erik Brannstrom          Frank Corrado            60     1   2  2  
 2 Dominik Masin            Brandon Hickey           40     1   2  2  

4 vs 4 Forward 
   Center                   Wing                     Time % Phy DF OF 
 1 Peter Cehlarik           Barclay Goodrow          60     1   2  2  
 2 Nico Sturm               Phillip Danault          40     1   2  2  

4 vs 4 Defense
   Defense                  Defense                  Time % Phy DF OF 
 1 Erik Brannstrom          Frank Corrado            60     1   2  2  
 2 Dominik Masin            Brandon Hickey           40     1   2  2  

Last Minutes Offensive
   Center                   Left Wing                Right Wing               Defense                  Defense                  
   Nico Sturm               Peter Cehlarik           Barclay Goodrow          Erik Brannstrom          Frank Corrado            

Last Minutes Defensive
   Center                   Left Wing                Right Wing               Defense                  Defense                  
   Nico Sturm               Peter Cehlarik           Barclay Goodrow          Erik Brannstrom          Frank Corrado            

Goaltenders
Starting : Vitek Vanecek            
Backup : Collin Delia             

Extra Forwards
Normal : Peter Cehlarik, Phillip Danault, Barclay Goodrow - PP : Tanner Jeannot, Ryan Donato - PK : Phillip Danault
Extra Defensemen
Normal : Dominik Masin, Brandon Hickey, Christian Jaros - PP : Petteri Lindbohm - PK : Brandon Hickey, Christian Jaros
Penalty Shots
Peter Cehlarik, Barclay Goodrow, Nico Sturm, Phillip Danault, Chandler Stephenson
Custom OT Lines Forwards
Peter Cehlarik, Barclay Goodrow, Nico Sturm, Phillip Danault, Chandler Stephenson, Ryan Donato, Taylor Raddysh, Tanner Jeannot, Vladislav Kamenev, Vitali Kravtsov
Custom OT Lines Defensemen
Frank Corrado, Dominik Masin, Erik Brannstrom, Brandon Hickey, Christian Jaros

Scratches
Filip Hallander (Healthy), Skyler Brind'Amour (Healthy), Darren Raddysh (Healthy), Tim Berni (Healthy), Ivan Chekhovich (Healthy)
Jesper Bratt (Healthy), Radim Zohorna (Healthy), Demetrios Koumontzis (Healthy), Zac Jones (Healthy), Yegor Zaitsev (Healthy)
Lucas Feuk (Healthy), Cole Schwindt (Healthy), Joel Hofer (Healthy)

% Time on Ice - Canucks

Lines # - Real PCT - Wanted PCT - Time Play
Normal Forward
1 - 33% - 40% - 17:23
2 - 28% - 30% - 14:48
3 - 23% - 20% - 12:21
4 - 15% - 10% - 8:02
Normal Defense
1 - 35% - 40% - 18:19
2 - 35% - 30% - 18:19
3 - 24% - 20% - 12:31
4 - 6% - 10% - 3:25
PP Forward
1 - 59% - 60% - 2:20
2 - 41% - 40% - 1:38
PP Defense
1 - 66% - 60% - 2:38
2 - 34% - 40% - 1:20
PK Forward
1 - 82% - 60% - 2:00
2 - 18% - 40% - 0:26
PK Defense
1 - 58% - 60% - 1:25
2 - 42% - 40% - 1:01
PK3 Forward
1 - 0% - 60%
2 - 0% - 40%
PK3 Defense
1 - 0% - 60%
2 - 0% - 40%
44 Forward
1 - 0% - 60%
2 - 0% - 40%
44 Defense
1 - 0% - 60%
2 - 0% - 40%
Last Minute Offensive  - 1:02
Last Minute Defensive  - 0:00
Total
Forward - 60:00
Defense - 60:00

% Time on Ice - Wranglers

Lines # - Real PCT - Wanted PCT - Time Play
Normal Forward
1 - 36% - 40% - 18:53
2 - 26% - 30% - 13:56
3 - 22% - 20% - 11:47
4 - 15% - 10% - 8:05
Normal Defense
1 - 38% - 40% - 20:09
2 - 31% - 30% - 16:14
3 - 26% - 20% - 13:41
4 - 5% - 10% - 2:37
PP Forward
1 - 50% - 60% - 1:13
2 - 50% - 40% - 1:13
PP Defense
1 - 68% - 60% - 1:40
2 - 32% - 40% - 0:46
PK Forward
1 - 87% - 60% - 3:28
2 - 13% - 40% - 0:30
PK Defense
1 - 76% - 60% - 3:00
2 - 24% - 40% - 0:58
PK3 Forward
1 - 0% - 60%
2 - 0% - 40%
PK3 Defense
1 - 0% - 60%
2 - 0% - 40%
44 Forward
1 - 0% - 60%
2 - 0% - 40%
44 Defense
1 - 0% - 60%
2 - 0% - 40%
Last Minute Offensive  - 0:00
Last Minute Defensive  - 0:55
Total
Forward - 60:00
Defense - 60:00

Play-by-Play

1st period


0:01 of 1st period - Curtis Lazar wins face-off versus Nico Sturm in neutral zone.
0:06 of 1st period - Wrist shot by Nicolas Petan.
0:06 of 1st period - Goal by Nicolas Petan - Canucks : 1 - Wranglers : 0.
0:07 of 1st period - Axel Holmstrom wins face-off versus Chandler Stephenson in neutral zone.
0:39 of 1st period - Mackenzie MacEachern is hit by Tanner Jeannot and loses puck.
1:00 of 1st period - Snap shot by Nicolas Petan.
1:00 of 1st period - Stopped by Vitek Vanecek without a rebound.
1:01 of 1st period - Vladislav Kamenev wins face-off versus Lane Pederson in Wranglers zone.
1:01 of 1st period - Vladislav Kamenev is hit by C.J. Smith.
2:00 of 1st period - Snap shot by Phillip Danault.
2:00 of 1st period - Stopped by Thatcher Demko with a rebound.
2:02 of 1st period - Snap shot by Chandler Stephenson.
2:02 of 1st period - Stopped by Thatcher Demko without a rebound.
2:03 of 1st period - Ryan Donato wins face-off versus Nicolas Petan in Canucks zone.
2:39 of 1st period - Wrist shot by Peter Cehlarik.
2:39 of 1st period - Deflect By Barclay Goodrow.
2:39 of 1st period - Shot Misses the Net.
2:39 of 1st period - Puck is out of play.
2:40 of 1st period - Axel Holmstrom wins face-off versus Chandler Stephenson in Canucks zone.
2:55 of 1st period - Snap shot by Axel Holmstrom.
2:55 of 1st period - Stopped by Vitek Vanecek without a rebound.
2:56 of 1st period - Nicolas Petan wins face-off versus Nico Sturm in Wranglers zone.
3:23 of 1st period - William Lagesson is hit by Frank Corrado and loses puck.
4:21 of 1st period - Snap shot by Curtis Lazar.
4:21 of 1st period - Shot Misses the Net.
5:06 of 1st period - Will Borgen is hit by Brandon Hickey.
5:12 of 1st period - Brandon Hickey is hit by Will Borgen and loses puck.
6:19 of 1st period - Snap shot by Phillip Danault.
6:19 of 1st period - Shot Blocked by Daniil Miromanov.
6:21 of 1st period - Slapshot by Taylor Raddysh.
6:21 of 1st period - Stopped by Thatcher Demko without a rebound.
6:22 of 1st period - Nicolas Petan wins face-off versus Tanner Jeannot in Canucks zone.
6:47 of 1st period - Peter Cehlarik is hit by Juho Lammikko.
6:57 of 1st period - Barclay Goodrow is hit by Trevor Moore and loses puck.
7:14 of 1st period - Wrist shot by William Lockwood.
7:14 of 1st period - Shot Blocked by Petteri Lindbohm.
8:17 of 1st period - Snap shot by Peter Cehlarik.
8:17 of 1st period - Stopped by Thatcher Demko without a rebound.
8:18 of 1st period - Nicolas Petan wins face-off versus Nico Sturm in Canucks zone.
8:25 of 1st period - Slapshot by Peter Cehlarik.
8:25 of 1st period - Shot Misses the Net.
8:27 of 1st period - Wrist shot by Nico Sturm.
8:27 of 1st period - Stopped by Thatcher Demko without a rebound.
8:28 of 1st period - Nico Sturm wins face-off versus Nicolas Petan in Canucks zone.
8:41 of 1st period - Snap shot by Curtis Lazar.
8:41 of 1st period - Shot Misses the Net.
9:11 of 1st period - Erik Brannstrom is hit by Guillaume Brisebois and loses puck.
9:46 of 1st period - Slapshot by Peter Cehlarik.
9:46 of 1st period - Shot Misses the Net.
9:48 of 1st period - Slapshot by Barclay Goodrow.
9:48 of 1st period - Deflect By Peter Cehlarik.
9:48 of 1st period - Stopped by Thatcher Demko without a rebound.
9:49 of 1st period - Axel Holmstrom wins face-off versus Chandler Stephenson in Canucks zone.
10:04 of 1st period - Wrist shot by Trevor Moore.
10:04 of 1st period - Stopped by Vitek Vanecek with a rebound.
10:14 of 1st period - Tanner Jeannot is hit by Daniil Miromanov and loses puck.
10:21 of 1st period - Snap shot by Mackenzie MacEachern.
10:21 of 1st period - Stopped by Vitek Vanecek without a rebound.
10:22 of 1st period - Ryan Donato wins face-off versus Axel Holmstrom in Wranglers zone.
11:49 of 1st period - Nicolas Petan is hit by Phillip Danault.
12:01 of 1st period - Erik Brannstrom is hit by William Lagesson.
12:33 of 1st period - Slapshot by Erik Brannstrom.
12:33 of 1st period - Stopped by Thatcher Demko with a rebound.
12:35 of 1st period - Snap shot by Erik Brannstrom.
12:35 of 1st period - Shot Misses the Net.
12:37 of 1st period - Slapshot by Frank Corrado.
12:37 of 1st period - Deflect By Kaapo Kakko.
12:37 of 1st period - Shot Misses the Net.
12:37 of 1st period - Puck is out of play.
12:38 of 1st period - Axel Holmstrom wins face-off versus Chandler Stephenson in Canucks zone.
14:39 of 1st period - Snap shot by Barclay Goodrow.
14:39 of 1st period - Stopped by Thatcher Demko with a rebound.
14:41 of 1st period - Wrist shot by Barclay Goodrow.
14:41 of 1st period - Shot Blocked by Mackenzie MacEachern.
14:43 of 1st period - Snap shot by Peter Cehlarik.
14:43 of 1st period - Shot Misses the Net.
14:49 of 1st period - Minor Penalty to William Lockwood for Cross-checking.
14:50 of 1st period - Nicolas Petan wins face-off versus Barclay Goodrow in Canucks zone.
15:17 of 1st period - Nicolas Petan is hit by Taylor Raddysh and loses puck.
15:24 of 1st period - Wrist shot by Chandler Stephenson.
15:24 of 1st period - Shot Hit the Post.
15:26 of 1st period - Slapshot by Frank Corrado.
15:26 of 1st period - Deflect By Curtis Lazar.
15:26 of 1st period - Stopped by Thatcher Demko without a rebound.
15:27 of 1st period - Nico Sturm wins face-off versus Nicolas Petan in Canucks zone.
15:30 of 1st period - Backhand shot by Nico Sturm.
15:30 of 1st period - Shot Misses the Net.
15:32 of 1st period - Slapshot by Dominik Masin.
15:32 of 1st period - Deflect By Curtis Lazar.
15:32 of 1st period - Stopped by Thatcher Demko with a rebound.
16:23 of 1st period - Snap shot by Erik Brannstrom.
16:23 of 1st period - Shot Misses the Net.
16:25 of 1st period - Wrist shot by Phillip Danault.
16:25 of 1st period - Goal by Phillip Danault - Canucks : 1 - Wranglers : 1.
16:26 of 1st period - Nico Sturm wins face-off versus Axel Holmstrom in neutral zone.
16:38 of 1st period - Snap shot by Nico Sturm.
16:38 of 1st period - Stopped by Thatcher Demko without a rebound.
16:39 of 1st period - Nicolas Petan wins face-off versus Phillip Danault in Canucks zone.
16:49 of 1st period - Slapshot by Curtis Lazar.
16:49 of 1st period - Stopped by Vitek Vanecek with a rebound.
17:59 of 1st period - Slapshot by Daniil Miromanov.
17:59 of 1st period - Shot Blocked by Erik Brannstrom.
18:55 of 1st period - Snap shot by Mackenzie MacEachern.
18:55 of 1st period - Shot Misses the Net.
18:57 of 1st period - Slapshot by Guillaume Brisebois.
18:57 of 1st period - Shot Misses the Net.
18:59 of 1st period - Wrist shot by William Lockwood.
18:59 of 1st period - Shot Blocked by Petteri Lindbohm.
19:01 of 1st period - Backhand shot by William Lockwood.
19:01 of 1st period - Shot Blocked by Petteri Lindbohm.
19:03 of 1st period - Slapshot by Will Borgen.
19:03 of 1st period - Shot Misses the Net.
19:13 of 1st period - Wrist shot by Vladislav Kamenev.
19:13 of 1st period - Stopped by Thatcher Demko with a rebound.
19:15 of 1st period - Slapshot by Petteri Lindbohm.
19:15 of 1st period - Shot Misses the Net.
19:17 of 1st period - Snap shot by Tanner Jeannot.
19:17 of 1st period - Stopped by Thatcher Demko with a rebound.
19:19 of 1st period - Slapshot by Christian Jaros.
19:19 of 1st period - Stopped by Thatcher Demko with a rebound.
19:21 of 1st period - Slapshot by Kaapo Kakko.
19:21 of 1st period - Deflect By Ryan Donato.
19:21 of 1st period - Stopped by Thatcher Demko without a rebound.
19:22 of 1st period - Nicolas Petan wins face-off versus Barclay Goodrow in Canucks zone.
19:29 of 1st period - Wrist shot by Nicolas Petan.
19:29 of 1st period - Shot Misses the Net.
19:31 of 1st period - Wrist shot by Nicolas Petan.
19:31 of 1st period - Stopped by Vitek Vanecek with a rebound.
19:33 of 1st period - Wrist shot by Ryan Lomberg.
19:33 of 1st period - Shot Blocked by Frank Corrado.
19:35 of 1st period - Snap shot by Nicolas Petan.
19:35 of 1st period - Shot Blocked by Frank Corrado.
19:37 of 1st period - Snap shot by Curtis Lazar.
19:37 of 1st period - Shot Blocked by Erik Brannstrom.
19:48 of 1st period - Icing by Nico Sturm.
19:49 of 1st period - Nico Sturm wins face-off versus Aleksi Heponiemi in Wranglers zone.
Goals for this period are 1 for Canucks vs 1 for Wranglers.
Shots for this period are 7 for Canucks vs 16 for Wranglers.

2nd period


0:01 of 2nd period - Nicolas Petan wins face-off versus Chandler Stephenson in neutral zone.
0:06 of 2nd period - Snap shot by Curtis Lazar.
0:06 of 2nd period - Stopped by Vitek Vanecek with a rebound.
0:12 of 2nd period - Snap shot by Chandler Stephenson.
0:12 of 2nd period - Goal by Chandler Stephenson - Canucks : 1 - Wranglers : 2.
0:13 of 2nd period - Taylor Raddysh wins face-off versus Nicolas Petan in neutral zone.
0:22 of 2nd period - Slapshot by Erik Brannstrom.
0:22 of 2nd period - Stopped by Thatcher Demko without a rebound.
0:23 of 2nd period - Chandler Stephenson wins face-off versus Nicolas Petan in Canucks zone.
0:38 of 2nd period - Snap shot by Curtis Lazar.
0:38 of 2nd period - Stopped by Vitek Vanecek without a rebound.
0:39 of 2nd period - Axel Holmstrom wins face-off versus Nico Sturm in Wranglers zone.
0:42 of 2nd period - Snap shot by Juho Lammikko.
0:42 of 2nd period - Stopped by Vitek Vanecek with a rebound.
0:44 of 2nd period - Snap shot by Trevor Moore.
0:44 of 2nd period - Stopped by Vitek Vanecek without a rebound.
0:45 of 2nd period - Trevor Moore wins face-off versus Nico Sturm in Wranglers zone.
1:12 of 2nd period - Wrist shot by Chandler Stephenson.
1:12 of 2nd period - Stopped by Thatcher Demko with a rebound.
1:40 of 2nd period - Slapshot by Mackenzie MacEachern.
1:40 of 2nd period - Shot Misses the Net.
1:52 of 2nd period - Dominik Masin is hit by C.J. Smith and loses puck.
2:56 of 2nd period - Slapshot by Ryan Donato.
2:56 of 2nd period - Stopped by Thatcher Demko without a rebound.
2:57 of 2nd period - Aleksi Heponiemi wins face-off versus Ryan Donato in Canucks zone.
3:31 of 2nd period - Snap shot by Erik Brannstrom.
3:31 of 2nd period - Shot Misses the Net.
3:33 of 2nd period - Wrist shot by Kaapo Kakko.
3:33 of 2nd period - Goal by Kaapo Kakko - Canucks : 1 - Wranglers : 3.
3:34 of 2nd period - Nico Sturm wins face-off versus Nicolas Petan in neutral zone.
3:37 of 2nd period - Snap shot by Erik Brannstrom.
3:37 of 2nd period - Shot Blocked by Will Borgen.
3:51 of 2nd period - Snap shot by Nico Sturm.
3:51 of 2nd period - Shot Blocked by Will Borgen.
4:04 of 2nd period - Off-side.
4:05 of 2nd period - Trevor Moore wins face-off versus Chandler Stephenson in neutral zone.
4:08 of 2nd period - Snap shot by Juho Lammikko.
4:08 of 2nd period - Goal by Juho Lammikko - Canucks : 2 - Wranglers : 3.
4:09 of 2nd period - Nico Sturm wins face-off versus Nicolas Petan in neutral zone.
4:41 of 2nd period - Snap shot by Juho Lammikko.
4:41 of 2nd period - Stopped by Vitek Vanecek without a rebound.
4:42 of 2nd period - Axel Holmstrom wins face-off versus Chandler Stephenson in Wranglers zone.
4:49 of 2nd period - Snap shot by Juho Lammikko.
4:49 of 2nd period - Shot Misses the Net.
4:51 of 2nd period - Wrist shot by Axel Holmstrom.
4:51 of 2nd period - Shot Misses the Net.
4:53 of 2nd period - Slapshot by Will Borgen.
4:53 of 2nd period - Goal by Will Borgen - Canucks : 3 - Wranglers : 3.
4:54 of 2nd period - Nico Sturm wins face-off versus Nicolas Petan in neutral zone.
5:01 of 2nd period - Barclay Goodrow is hit by Nicolas Petan and loses puck.
5:08 of 2nd period - Snap shot by Nicolas Petan.
5:08 of 2nd period - Goal by Nicolas Petan - Canucks : 4 - Wranglers : 3.
5:09 of 2nd period - Nico Sturm wins face-off versus Nicolas Petan in neutral zone.
5:51 of 2nd period - Dominik Masin is hit by Aleksi Heponiemi and loses puck.
5:58 of 2nd period - Slapshot by Mackenzie MacEachern.
5:58 of 2nd period - Stopped by Vitek Vanecek with a rebound.
6:00 of 2nd period - Snap shot by Mackenzie MacEachern.
6:00 of 2nd period - Shot Misses the Net.
6:30 of 2nd period - Nico Sturm is hit by Juho Lammikko and loses puck.
6:41 of 2nd period - Wrist shot by Trevor Moore.
6:41 of 2nd period - Shot Misses the Net.
7:05 of 2nd period - Tobias Lindberg is hit by Taylor Raddysh and loses puck.
7:18 of 2nd period - Snap shot by William Lockwood.
7:18 of 2nd period - Shot Misses the Net.
7:27 of 2nd period - Icing by Guillaume Brisebois.
7:28 of 2nd period - Nico Sturm wins face-off versus Aleksi Heponiemi in Canucks zone.
7:39 of 2nd period - Wrist shot by Nico Sturm.
7:39 of 2nd period - Shot Misses the Net.
8:24 of 2nd period - Wrist shot by Tanner Jeannot.
8:24 of 2nd period - Shot Blocked by Daniil Miromanov.
8:26 of 2nd period - Wrist shot by Ryan Donato.
8:26 of 2nd period - Stopped by Thatcher Demko with a rebound.
8:28 of 2nd period - Slapshot by Tanner Jeannot.
8:28 of 2nd period - Stopped by Thatcher Demko without a rebound.
8:29 of 2nd period - Nicolas Petan wins face-off versus Nico Sturm in Canucks zone.
8:29 of 2nd period - Nicolas Petan is hit by Erik Brannstrom.
8:43 of 2nd period - Snap shot by Erik Brannstrom.
8:43 of 2nd period - Stopped by Thatcher Demko without a rebound.
8:44 of 2nd period - Axel Holmstrom wins face-off versus Chandler Stephenson in Canucks zone.
9:16 of 2nd period - Snap shot by Barclay Goodrow.
9:16 of 2nd period - Shot Misses the Net.
9:53 of 2nd period - Axel Holmstrom is hit by Vladislav Kamenev.
10:04 of 2nd period - Vladislav Kamenev is hit by Juho Lammikko and loses puck.
10:44 of 2nd period - Wrist shot by Peter Cehlarik.
10:44 of 2nd period - Shot Misses the Net.
11:04 of 2nd period - Axel Holmstrom is hit by Christian Jaros and loses puck.
11:48 of 2nd period - Snap shot by C.J. Smith.
11:48 of 2nd period - Stopped by Vitek Vanecek without a rebound.
11:49 of 2nd period - Lane Pederson wins face-off versus Barclay Goodrow in Wranglers zone.
13:20 of 2nd period - Slapshot by Nico Sturm.
13:20 of 2nd period - Shot Hit the Post.
13:28 of 2nd period - Backhand shot by Peter Cehlarik.
13:28 of 2nd period - Shot Misses the Net.
13:57 of 2nd period - Ryan Donato is hit by Nicolas Petan and loses puck.
14:38 of 2nd period - Aleksi Heponiemi is hit by Barclay Goodrow and loses puck.
14:57 of 2nd period - Nico Sturm is hit by Tobias Lindberg and loses puck.
15:49 of 2nd period - Wrist shot by Nicolas Petan.
15:49 of 2nd period - Shot Misses the Net.
15:53 of 2nd period - Snap shot by Ryan Lomberg.
15:53 of 2nd period - Stopped by Vitek Vanecek with a rebound.
16:03 of 2nd period - Slapshot by Petteri Lindbohm.
16:03 of 2nd period - Stopped by Thatcher Demko with a rebound.
16:05 of 2nd period - Wrist shot by Ryan Donato.
16:05 of 2nd period - Deflect By Tanner Jeannot.
16:05 of 2nd period - Wranglers goal is going for a video replay.
16:05 of 2nd period - The goal is good.
16:05 of 2nd period - Goal by Tanner Jeannot - Canucks : 4 - Wranglers : 4.
16:06 of 2nd period - Chandler Stephenson wins face-off versus Nicolas Petan in neutral zone.
16:15 of 2nd period - Slapshot by William Lagesson.
16:15 of 2nd period - Stopped by Vitek Vanecek with a rebound.
17:49 of 2nd period - Backhand shot by Juho Lammikko.
17:49 of 2nd period - Stopped by Vitek Vanecek with a rebound.
17:51 of 2nd period - Snap shot by Axel Holmstrom.
17:51 of 2nd period - Stopped by Vitek Vanecek without a rebound.
17:52 of 2nd period - Axel Holmstrom wins face-off versus Ryan Donato in Wranglers zone.
17:55 of 2nd period - Wrist shot by Juho Lammikko.
17:55 of 2nd period - Shot Misses the Net.
17:57 of 2nd period - Snap shot by Guillaume Brisebois.
17:57 of 2nd period - Deflect By Trevor Moore.
17:57 of 2nd period - Shot Misses the Net.
17:57 of 2nd period - Puck is out of play.
17:58 of 2nd period - Nico Sturm wins face-off versus Nicolas Petan in Wranglers zone.
18:25 of 2nd period - Off-side.
18:26 of 2nd period - Axel Holmstrom wins face-off versus Chandler Stephenson in neutral zone.
18:51 of 2nd period - Will Borgen is hit by Barclay Goodrow.
19:17 of 2nd period - Brandon Hickey is hit by C.J. Smith and loses puck.
19:44 of 2nd period - Wrist shot by Vitali Kravtsov.
19:44 of 2nd period - Stopped by Thatcher Demko without a rebound.
19:45 of 2nd period - Nicolas Petan wins face-off versus Nico Sturm in Canucks zone.
19:49 of 2nd period - Off-side.
19:50 of 2nd period - Nicolas Petan wins face-off versus Nico Sturm in neutral zone.
Goals for this period are 3 for Canucks vs 3 for Wranglers.
Shots for this period are 14 for Canucks vs 11 for Wranglers.

3rd period


0:01 of 3rd period - Curtis Lazar wins face-off versus Nico Sturm in neutral zone.
0:06 of 3rd period - Barclay Goodrow is hit by William Lagesson and loses puck.
0:51 of 3rd period - Slapshot by Erik Brannstrom.
0:51 of 3rd period - Stopped by Thatcher Demko without a rebound.
0:52 of 3rd period - Nico Sturm wins face-off versus Nicolas Petan in Canucks zone.
1:30 of 3rd period - Simon Bourque is hit by Christian Jaros and loses puck.
1:53 of 3rd period - Christian Jaros is hit by Aleksi Heponiemi and loses puck.
2:08 of 3rd period - Slapshot by C.J. Smith.
2:08 of 3rd period - Stopped by Vitek Vanecek without a rebound.
2:09 of 3rd period - Ryan Donato wins face-off versus Nicolas Petan in Wranglers zone.
2:42 of 3rd period - Ryan Donato is hit by Will Borgen and loses puck.
3:43 of 3rd period - Snap shot by Tobias Lindberg.
3:43 of 3rd period - Shot Misses the Net.
3:45 of 3rd period - Slapshot by Guillaume Brisebois.
3:45 of 3rd period - Deflect By Dominik Masin.
3:45 of 3rd period - Goal by Guillaume Brisebois - Canucks : 5 - Wranglers : 4.
3:46 of 3rd period - Nico Sturm wins face-off versus Nicolas Petan in neutral zone.
3:49 of 3rd period - Wrist shot by Nico Sturm.
3:49 of 3rd period - Deflect By William Lagesson.
3:49 of 3rd period - Stopped by Thatcher Demko without a rebound.
3:50 of 3rd period - Nico Sturm wins face-off versus Nicolas Petan in Canucks zone.
3:51 of 3rd period - Slapshot by Peter Cehlarik.
3:51 of 3rd period - Goal by Peter Cehlarik - Canucks : 5 - Wranglers : 5.
3:52 of 3rd period - Peter Cehlarik wins face-off versus Nicolas Petan in neutral zone.
4:02 of 3rd period - Minor Penalty to Nicolas Petan for Interference.
4:03 of 3rd period - Nico Sturm wins face-off versus Jay O'Brien in Canucks zone.
4:36 of 3rd period - Icing by Erik Brannstrom.
4:37 of 3rd period - Chandler Stephenson wins face-off versus Axel Holmstrom in Wranglers zone.
4:42 of 3rd period - Snap shot by Erik Brannstrom.
4:42 of 3rd period - Shot Misses the Net.
4:44 of 3rd period - Wrist shot by Taylor Raddysh.
4:44 of 3rd period - Stopped by Thatcher Demko with a rebound.
4:46 of 3rd period - Wrist shot by Phillip Danault.
4:46 of 3rd period - Stopped by Thatcher Demko without a rebound.
4:47 of 3rd period - Nico Sturm wins face-off versus Jay O'Brien in Canucks zone.
4:52 of 3rd period - Wrist shot by Nico Sturm.
4:52 of 3rd period - Goal by Nico Sturm - Canucks : 5 - Wranglers : 6.
4:53 of 3rd period - Nicolas Petan wins face-off versus Nico Sturm in neutral zone.
4:56 of 3rd period - Slapshot by William Lagesson.
4:56 of 3rd period - Shot Blocked by Frank Corrado.
4:58 of 3rd period - Minor Penalty to Erik Brannstrom for Slashing.
4:59 of 3rd period - Nicolas Petan wins face-off versus Peter Cehlarik in Wranglers zone.
5:19 of 3rd period - Icing by William Lagesson.
5:20 of 3rd period - Nicolas Petan wins face-off versus Peter Cehlarik in Canucks zone.
5:27 of 3rd period - Wrist shot by Curtis Lazar.
5:27 of 3rd period - Shot Misses the Net.
6:58 of 3rd period - Penalty to Erik Brannstrom is over, Erik Brannstrom is back on ice.
7:25 of 3rd period - Slapshot by William Lagesson.
7:25 of 3rd period - Shot Blocked by Christian Jaros.
7:35 of 3rd period - Wrist shot by Ryan Donato.
7:35 of 3rd period - Shot Misses the Net.
7:37 of 3rd period - Wrist shot by Tanner Jeannot.
7:37 of 3rd period - Shot Blocked by Lane Pederson.
7:39 of 3rd period - Snap shot by Ryan Donato.
7:39 of 3rd period - Shot Misses the Net.
7:55 of 3rd period - Peter Cehlarik is hit by Aleksi Heponiemi and loses puck.
8:17 of 3rd period - Frank Corrado is hit by Mackenzie MacEachern and loses puck.
9:21 of 3rd period - William Lagesson is hit by Ryan Donato and loses puck.
9:25 of 3rd period - Icing by William Lagesson.
9:26 of 3rd period - Nico Sturm wins face-off versus Axel Holmstrom in Canucks zone.
9:37 of 3rd period - Wrist shot by Peter Cehlarik.
9:37 of 3rd period - Shot Blocked by Juho Lammikko.
9:39 of 3rd period - Wrist shot by Barclay Goodrow.
9:39 of 3rd period - Shot Blocked by Jack Rathbone.
9:41 of 3rd period - Wrist shot by Barclay Goodrow.
9:41 of 3rd period - Shot Misses the Net.
9:49 of 3rd period - Christian Jaros is hit by Juho Lammikko and loses puck.
10:08 of 3rd period - Wrist shot by Juho Lammikko.
10:08 of 3rd period - Shot Misses the Net.
10:10 of 3rd period - Backhand shot by Jack Rathbone.
10:10 of 3rd period - Shot Misses the Net.
10:12 of 3rd period - Slapshot by Juho Lammikko.
10:12 of 3rd period - Shot Misses the Net.
10:14 of 3rd period - Snap shot by Jack Rathbone.
10:14 of 3rd period - Stopped by Vitek Vanecek with a rebound.
10:16 of 3rd period - Snap shot by Trevor Moore.
10:16 of 3rd period - Stopped by Vitek Vanecek without a rebound.
10:17 of 3rd period - Nicolas Petan wins face-off versus Chandler Stephenson in Wranglers zone.
10:28 of 3rd period - Slapshot by Curtis Lazar.
10:28 of 3rd period - Shot Blocked by Taylor Raddysh.
10:42 of 3rd period - Ryan Donato is hit by Aleksi Heponiemi and loses puck.
10:47 of 3rd period - Wrist shot by Aleksi Heponiemi.
10:47 of 3rd period - Stopped by Vitek Vanecek without a rebound.
10:48 of 3rd period - Chandler Stephenson wins face-off versus Aleksi Heponiemi in Wranglers zone.
11:16 of 3rd period - Minor Penalty to Christian Jaros for Delaying the game.
11:17 of 3rd period - Nicolas Petan wins face-off versus Peter Cehlarik in Wranglers zone.
11:24 of 3rd period - Wrist shot by Ryan Lomberg.
11:24 of 3rd period - Deflect By Curtis Lazar.
11:24 of 3rd period - Stopped by Vitek Vanecek without a rebound.
11:25 of 3rd period - Nicolas Petan wins face-off versus Peter Cehlarik in Wranglers zone.
11:32 of 3rd period - Wrist shot by Ryan Lomberg.
11:32 of 3rd period - Shot Misses the Net.
11:34 of 3rd period - Wrist shot by William Lagesson.
11:34 of 3rd period - Stopped by Vitek Vanecek without a rebound.
11:35 of 3rd period - Nicolas Petan wins face-off versus Peter Cehlarik in Wranglers zone.
13:16 of 3rd period - Penalty to Christian Jaros is over, Christian Jaros is back on ice.
13:23 of 3rd period - Mackenzie MacEachern is hit by Petteri Lindbohm and loses puck.
13:30 of 3rd period - Snap shot by Mackenzie MacEachern.
13:30 of 3rd period - Stopped by Vitek Vanecek without a rebound.
13:31 of 3rd period - Ryan Donato wins face-off versus Lane Pederson in Wranglers zone.
14:02 of 3rd period - Wrist shot by Vitali Kravtsov.
14:02 of 3rd period - Shot Misses the Net.
14:04 of 3rd period - Slapshot by Dominik Masin.
14:04 of 3rd period - Shot Misses the Net.
14:06 of 3rd period - Snap shot by Brandon Hickey.
14:06 of 3rd period - Shot Misses the Net.
14:08 of 3rd period - Snap shot by Vladislav Kamenev.
14:08 of 3rd period - Stopped by Thatcher Demko without a rebound.
14:09 of 3rd period - Nico Sturm wins face-off versus Nicolas Petan in Canucks zone.
14:22 of 3rd period - Snap shot by Ryan Lomberg.
14:22 of 3rd period - Shot Misses the Net.
14:24 of 3rd period - Slapshot by William Lagesson.
14:24 of 3rd period - Deflect By Nicolas Petan.
14:24 of 3rd period - Shot Misses the Net.
14:24 of 3rd period - Puck is out of play.
14:25 of 3rd period - Axel Holmstrom wins face-off versus Chandler Stephenson in Wranglers zone.
14:34 of 3rd period - Snap shot by Axel Holmstrom.
14:34 of 3rd period - Stopped by Vitek Vanecek with a rebound.
14:36 of 3rd period - Wrist shot by Trevor Moore.
14:36 of 3rd period - Shot Misses the Net.
14:38 of 3rd period - Wrist shot by Trevor Moore.
14:38 of 3rd period - Canucks goal is going for a video replay.
14:38 of 3rd period - The goal is refused. The goalkeeper has been pushed into the net together with the puck after making a save..
14:39 of 3rd period - Nicolas Petan wins face-off versus Nico Sturm in Wranglers zone.
15:10 of 3rd period - Slapshot by William Lagesson.
15:10 of 3rd period - Shot Blocked by Taylor Raddysh.
15:12 of 3rd period - Slapshot by Daniil Miromanov.
15:12 of 3rd period - Stopped by Vitek Vanecek without a rebound.
15:13 of 3rd period - Ryan Donato wins face-off versus Axel Holmstrom in Wranglers zone.
16:50 of 3rd period - Daniil Miromanov is hit by Tanner Jeannot and loses puck.
17:05 of 3rd period - Snap shot by Lane Pederson.
17:05 of 3rd period - Shot Misses the Net.
17:25 of 3rd period - Snap shot by Phillip Danault.
17:25 of 3rd period - Shot Misses the Net.
17:27 of 3rd period - Slapshot by Chandler Stephenson.
17:27 of 3rd period - Shot Misses the Net.
17:47 of 3rd period - Vitali Kravtsov is hit by Jack Rathbone and loses puck.
18:49 of 3rd period - Will Borgen is hit by Nico Sturm and loses puck.
19:02 of 3rd period - Canucks, Thatcher Demko is pulled from the net.
19:04 of 3rd period - Wrist shot by Curtis Lazar.
19:04 of 3rd period - Stopped by Vitek Vanecek without a rebound.
19:05 of 3rd period - Henrik Sedin call a timeout for Canucks.
19:05 of 3rd period - Nicolas Petan wins face-off versus Nico Sturm in Wranglers zone.
19:10 of 3rd period - Wrist shot by Curtis Lazar.
19:10 of 3rd period - Stopped by Vitek Vanecek without a rebound.
19:11 of 3rd period - Nico Sturm wins face-off versus Nicolas Petan in Wranglers zone.
19:32 of 3rd period - Wrist shot by Ryan Lomberg.
19:32 of 3rd period - Stopped by Vitek Vanecek with a rebound.
19:38 of 3rd period - Slapshot by Ryan Lomberg.
19:38 of 3rd period - Stopped by Vitek Vanecek with a rebound.
Goals for this period are 1 for Canucks vs 2 for Wranglers.
Shots for this period are 15 for Canucks vs 7 for Wranglers. Output by the SimonT Hockey Simulator (STHS) for Francois Prevost - Original Page W3C HTML5 Valid
Hockey Simulator - Hockey Simulation - Hockey Manager